 Dungeon Crawl Stone Soup version 0.28.0-43-g3370ac3207 (webtiles) character file.

Game seed: 6245208269030341305

165 Ablot the Grasshopper (level 5, -3/43 HPs)
             Began as a Gnoll Warper on Mar 12, 2022.
             Slain by a gnoll
             ... wielding a +0 whip
              (7 damage)
             ... on level 2 of the Dungeon.
             The game lasted 00:03:44 (3429 turns).

Ablot the Grasshopper (Gnoll Warper)                Turns: 3429, Time: 00:03:44

Health: -3/43      AC:  4    Str: 12    XL:     5   Next: 46%
Magic:  10/12      EV:  7    Int: 13    God:
Gold:   67         SH:  0    Dex: 11    Spells: 12/14 levels left

rFire   . . .      SeeInvis .   j - +0 dagger (venom)
rCold   . . .      Faith    .   (no shield)
rNeg    . . .      Spirit   .   b - +0 leather armour
rPois   .          Reflect  .   (no helmet)
rElec   .          Harm     .   t - +0 cloak
rCorr   .          Rampage  .   (no gloves)
Will    .....                   (no boots)
Stlth   +.........              (no amulet)
HPRegen 0.14/turn               (no ring)
MPRegen 0.13/turn               (no ring)

@: held
A: fangs 1, strong nose, distributed training
a: no special abilities


You were on level 2 of the Dungeon.
You visited 1 branch of the dungeon, and saw 3 of its levels.

You collected 67 gold pieces.

Inventory:

Hand Weapons
 a - a +0 spear
 j - a +0 dagger of venom (weapon)
 s - a +4 quarterstaff of chaos
Missiles
 d - 5 boomerangs of dispersal (quivered)
 f - 39 arrows
 g - 26 stones
 k - 21 sling bullets
Armour
 b - a +0 leather armour (worn)
 t - a +0 cloak (worn)
Jewellery
 m - a ring of ice
Scrolls
 c - a scroll of blinking
 h - a scroll of vulnerability {unknown}
 i - a scroll of torment {unknown}
 o - a scroll of teleportation {unknown}
 q - a scroll of identify {unknown}
Potions
 e - 2 potions of curing {unknown}
 l - 2 potions of heal wounds {unknown}
 n - a potion of lignification {unknown}
 p - a potion of degeneration {unknown}
 r - a potion of might {unknown}


   Skills:
 + Level 4.8 Fighting
 + Level 1.5 Short Blades
 + Level 1.5 Long Blades
 + Level 1.5 Axes
 + Level 1.5 Maces & Flails
 + Level 4.8 Polearms
 + Level 1.5 Staves
 + Level 1.5 Slings
 + Level 1.5 Bows
 + Level 1.5 Crossbows
 + Level 3.0 Throwing
 + Level 3.0 Armour
 + Level 4.8 Dodging
 + Level 1.5 Stealth
 + Level 1.5 Shields
 + Level 1.5 Unarmed Combat
 + Level 5.2 Spellcasting
 + Level 1.2 Conjurations
 + Level 1.2 Hexes
 + Level 1.2 Summonings
 + Level 1.2 Necromancy
 + Level 5.5 Translocations
 + Level 1.2 Transmutations
 + Level 1.2 Fire Magic
 + Level 1.2 Ice Magic
 + Level 1.2 Air Magic
 + Level 1.2 Earth Magic
 + Level 1.2 Poison Magic
 + Level 1.7 Invocations
 + Level 1.5 Evocations


You had 12 spell levels left.
You knew the following spells:

 Your Spells              Type           Power      Damage    Failure   Level
a - Blink                 Tloc           34%        N/A       3%          2

Your spell library contained the following spells:

 Spells                   Type           Power      Damage    Failure   Level
 Gell's Gravitas          Tloc           17%        N/A       7%          3
 Lesser Beckoning         Tloc           17%        N/A       7%          3
 Teleport Other           Tloc           17%        N/A       7%          3
 Sting                    Tmut/Pois      24%        1d4       14%         1
 Poisonous Vapours        Pois/Air       12%        N/A       22%         2
 Manifold Assault         Tloc           17%        N/A       54%         5
 Olgreb's Toxic Radiance  Pois           6%         N/A       80%         4


Dungeon Overview and Level Annotations

Branches:
Dungeon (3/15)

Altars:

Shops:
D:1 ::[

Annotations:
D:3 Robin


Innate Abilities, Weirdness & Mutations

You have very sharp teeth.
Your uncanny sense of smell can sniff out nearby items.
Your experience applies equally to all skills.


Message History

You barely miss the gnoll. Your bite misses the gnoll.
The gnoll hits you with a +0 whip.
You hit the gnoll.
The gnoll is poisoned.
The gnoll is lightly wounded.
The gnoll hits you with a +0 whip!
Unknown command.
The gnoll hits you but does no damage. The gnoll hits you with a +0 whip.
You climb upwards.
There is a stone staircase leading down here.
Unknown command.
You closely miss the gnoll. You bite the gnoll, but do no damage.
The gnoll is moderately wounded.
The gnoll barely misses you. x2
Unknown command.
You hit the gnoll but do no damage.
The gnoll looks as sick as possible!
You bite the gnoll, but do no damage.
The gnoll is moderately wounded.
The gnoll hits you with a +0 whip. x2
Unknown command.
You hit the gnoll.
The gnoll is poisoned.
The gnoll is lightly wounded.
The gnoll hits you with a +0 whip. The gnoll hits you with a +0 whip!
* * * LOW HITPOINT WARNING * * *
Unknown command.
Casting: Blink (safe; 3% risk of failure)
Confirm with . or Enter, or press ? or * to list all spells.
You blink.
You kill the gnoll!
The gnoll throws a throwing net.
The throwing net hits you.
You become entangled in the net!
Unknown command.
You struggle against the net.
You struggle against the net.
You struggle against the net.
You feel stable enough to blink again.
You struggle against the net.
The gnoll hits you with a +0 whip!
* * * LOW HITPOINT WARNING * * *
Unknown command.
You struggle against the net.
The gnoll hits you with a +0 whip!
You die...

..............#.#..#....#.#
####.#####.#.##.#####.#.#.#####♣♣
#.......#.##.#...............♣
#########.##.#.###.#.#.#....♣P
#.##.#.....#.#.##....P
#.##.#######.#.###..P.
#............#.# ###♣♣
####.#########.# #.@g...>)...#
#############


You could see a gnoll (poisoned).

Vanquished Creatures
  Crazy Yiuf (D:2)
  4 gnolls (D:2)
  2 adders (D:2)
  3 dart slugs
  5 ball pythons
  6 endoplasms
  A giant cockroach (D:2)
  15 goblins
  11 hobgoblins
  2 kobolds (D:1)
  7 quokkas
  6 bats
  4 frilled lizards
  2 rats (D:1)
69 creatures vanquished.

Vanquished Creatures (others)
  2 fungi (D:2)
2 creatures vanquished.

Grand Total: 71 creatures vanquished

Notes
Turn   | Place    | Note
-------+----------+-------------------------------------------
     0 | D:1      | Ablot the Gnoll Warper began the quest for the Orb.
     0 | D:1      | Reached XP level 1. HP: 20/20 MP: 6/6
    71 | D:1      | Found Tajabaf's Book Shoppe.
   200 | D:1      | Found Egiowoim's Book Shoppe.
   229 | D:1      | Reached XP level 2. HP: 26/26 MP: 7/7
   238 | D:1      | Learned a level 2 spell: Blink
   576 | D:1      | Reached XP level 3. HP: 26/31 MP: 9/9
   703 | D:1      | Reached skill level 5 in Spellcasting
   840 | D:1      | Found a faded altar of an unknown god.
   974 | D:1      | Found Ydditeips's Antique Armour Boutique.
  1226 | D:2      | Reached skill level 1 in Invocations
  1441 | D:2      | Reached skill level 1 in Short Blades
  1441 | D:2      | Reached skill level 1 in Long Blades
  1441 | D:2      | Reached skill level 1 in Axes
  1441 | D:2      | Reached skill level 1 in Maces & Flails
  1441 | D:2      | Reached skill level 1 in Staves
  1441 | D:2      | Reached skill level 1 in Slings
  1441 | D:2      | Reached skill level 1 in Bows
  1441 | D:2      | Reached skill level 1 in Crossbows
  1441 | D:2      | Reached skill level 1 in Stealth
  1441 | D:2      | Reached skill level 1 in Shields
  1441 | D:2      | Reached skill level 1 in Unarmed Combat
  1441 | D:2      | Reached skill level 1 in Evocations
  1778 | D:2      | Reached XP level 4. HP: 29/35 MP: 11/11
  2053 | D:2      | Reached skill level 1 in Conjurations
  2053 | D:2      | Reached skill level 1 in Hexes
  2053 | D:2      | Reached skill level 1 in Summonings
  2053 | D:2      | Reached skill level 1 in Necromancy
  2053 | D:2      | Reached skill level 1 in Transmutations
  2053 | D:2      | Reached skill level 1 in Fire Magic
  2053 | D:2      | Reached skill level 1 in Ice Magic
  2053 | D:2      | Reached skill level 1 in Air Magic
  2053 | D:2      | Reached skill level 1 in Earth Magic
  2053 | D:2      | Reached skill level 1 in Poison Magic
  2804 | D:2      | Found a runed translucent door.
  2805 | D:2      | Noticed Crazy Yiuf
  2821 | D:2      | Killed Crazy Yiuf
  2822 | D:2      | Reached XP level 5. HP: 18/43 MP: 12/12
  3021 | D:3      | Noticed Robin
  3429 | D:2      | Slain by a gnoll

Illustrated notes

Levels and vault maps discovered:
D:1:      moated_graveyard_arrival, layout_loops_ring,
          chequers_ecumenical_altar_grove, serial_shops,
          nicolae_shop_behind_doors, nicolae_diamond_shop,
          nicolae_shop_window_shopping
D:2:      layout_basic, minmay_misc_feat_columns, minmay_tetromino_i4,
          uniq_crazy_yiuf_cottage
D:3:      layout_basic, mainiacjoe_overflow_alcove_2, minmay_misc_feat_cross,
          minmay_snake_closets, uniq_grinder, uniq_terence, uniq_robin,
          uniq_ijyb

Skill      XL: |  1  2  3  4  5 |
---------------+----------------+-----
Spellcasting   | 5 |  5.2
Invocations    | 1 |  1.7
Short Blades   | 1 |  1.5
Long Blades    | 1 |  1.5
Axes           | 1 |  1.5
Maces & Flails | 1 |  1.5
Staves         | 1 |  1.5
Slings         | 1 |  1.5
Bows           | 1 |  1.5
Crossbows      | 1 |  1.5
Stealth        | 1 |  1.5
Shields        | 1 |  1.5
Unarmed Combat | 1 |  1.5
Evocations     | 1 |  1.5
Conjurations   | 1 |  1.2
Hexes          | 1 |  1.2
Summonings     | 1 |  1.2
Necromancy     | 1 |  1.2
Transmutations | 1 |  1.2
Fire Magic     | 1 |  1.2
Ice Magic      | 1 |  1.2
Air Magic      | 1 |  1.2
Earth Magic    | 1 |  1.2
Poison Magic   | 1 |  1.2
Throwing       | 3 |  3.0
Armour         | 3 |  3.0
Fighting       | |  4.8
Polearms       | |  4.8
Dodging        | |  4.8
Translocations | |  5.5

Action                   |  1- 3 |  4- 6 || total
-------------------------+-------+-------++-------
Melee: Spear             |   125 |       ||   125
       Punch             |     2 |     3 ||     5
       Bite              |    12 |    11 ||    23
       Dagger            |    12 |    89 ||   101
 Cast: Blink             |       |     3 ||     3
 Stab: Sleeping          |     5 |     2 ||     7
Armor: Leather armour    |    24 |    22 ||    46
Dodge: Dodged            |    55 |    41 ||    96
